 Dungeon Crawl Stone Soup version 0.31-a0-516-gfcb59812bd (console) character file.

Game seed: 9066162466652650528

621853 Lexodia the Ninja (level 27, -8/193 HPs)
             Began as a Kobold Enchanter on Aug 9, 2023.
             Was the Champion of Wu Jian.
             Killed from afar by an orb of fire (45 damage)
             ... with a fireball
             ... on level 5 of the Realm of Zot on Aug 10, 2023.
             The game lasted 05:43:41 (67387 turns).

Lexodia the Ninja (Kobold Enchanter)               Turns: 67387, Time: 05:43:41

Health: -8/193     AC: 26    Str:  6    XL:     27
Magic:  0/41       EV: 47    Int: 26    God:    Wu Jian [******]
Gold:   5647       SH: 11    Dex: 34    Spells: 12/44 levels left

rFire   . . .        G - +9 rapier (drain)
rCold   + . .        w - +2 buckler {reflect}
rNeg    . . .        X - +5 moon troll leather armour {Spirit, Regen++ MP+5}
rPois   +            W - +2 hat {Stlth+}
rElec   +            q - +2 cloak
rCorr   .            J - +2 pair of gloves {Stlth+}
SInv    .            Y - +3 pair of mountain boots {steadfast, rC+}
Will    ++...        T - amulet of Huycy {RegenMP Int+6} Stlth ***+++++++
                     K - ring "Opsa" {Fly rPois Int+3 Dex+6}
HPRegen 2.12/turn    m - ring of the Greedy {AC+4 Slay+3}
MPRegen 0.67/turn

%: reflection, clarity, guardian spirit
@: exhausted, about to teleport, flying, studying Fighting
A: small, no large weapons, nightstalker 3, clarity, electricity resistance
}: 4/15 runes: decaying, silver, abyssal, gossamer
a: Renounce Religion, Wall Jump, Serpent's Lash, Heavenly Storm


You were on level 5 of the Realm of Zot.
You worshipped Wu Jian.
Wu Jian was exalted by your worship.
You visited 12 branches of the dungeon, and saw 51 of its levels.
You visited the Abyss 1 time.
You visited 1 bazaar.
You also visited: Bailey and Wizlab.

You collected 8236 gold pieces.
You spent 2589 gold pieces at shops.

Inventory:

Hand Weapons
 D - the +27 heavy crossbow "Sniper" {heavy, Acc+∞ SInv}
   (You found it on level 5 of the Vaults)

   Acc+∞: It never misses its target.
   SInv:      It lets you see invisible.
 G - a +9 rapier of draining (weapon)
 I - a +6 dagger of speed
Missiles
 a - 4 throwing nets
Armour
 d - an orb of guile
 q - a +2 cloak (worn)
 w - a +2 buckler of reflection (worn)
 z - the +2 helmet of Ilaentur {rPois}
   (You found it on level 5 of the Vaults)

   rPois:     It protects you from poison
 J - a +2 pair of gloves of stealth (worn)
 W - a +2 hat of stealth (worn)
 X - the +5 moon troll leather armour (worn) {Spirit, Regen++ MP+5}
   (You took it off a moon troll in a wizard's laboratory)

   MP+5:      It affects your magic capacity (+5).
   Regen++:   It increases your rate of health regeneration.
 Y - the +3 pair of mountain boots (worn) {steadfast, rC+}
   (You found it in a wizard's laboratory)

   Steadfast: It prevents involuntary movement, except for blinking,
   teleportation, or banishment.
   rC+:       It protects you from cold.
Magical Staves
 L - the staff "Villaja" {Will++ Str+6 Stlth+ Conj}
   (You found it on level 9 of the Dungeon)

   [staff of conjuration]

   Base accuracy: +5 Base damage: 5 Base attack delay: 1.2 This weapon's minimum
   attack delay (0.6) is reached at skill level 12.
   Str+6:     It affects your strength (+6).
   Will++:    It greatly increases your willpower.
   Stlth+:    It makes you more stealthy.
   Conj:      It increases the power of your Conjurations spells.
   It falls into the 'Staves' category.
   It is a two-handed weapon.
Jewellery
 e - the ring of Inafe {rElec rF- rN+ rCorr SInv}
   (You found it on level 3 of the Crypt)

   [ring of resist corrosion]

   rF-:       It makes you vulnerable to fire.
   rElec:     It insulates you from electricity.
   rN+:       It protects you from negative energy.
   SInv:      It lets you see invisible.
   rCorr:     It protects you from acid and corrosion.
 h - the ring of the Evil One {rElec rPois rF- Str+4 SInv}
   (You found it in a wizard's laboratory)

   [ring of see invisible]

   Str+4:     It affects your strength (+4).
   rF-:       It makes you vulnerable to fire.
   rElec:     It insulates you from electricity.
   rPois:     It protects you from poison SInv: It lets you see invisible.
 k - a +5 ring of evasion
 m - the ring of the Greedy (right hand) {AC+4 Slay+3}
   (You found it in a wizard's laboratory)

   [ring of protection]

   AC+4:      It affects your AC (+4).
   Slay+3:    It affects your accuracy & damage with ranged weapons and melee
   (+3).
 p - a +6 ring of dexterity
 K - the ring "Opsa" (left hand) {Fly rPois Int+3 Dex+6}
   (You found it on level 5 of the Vaults)

   [ring of dexterity]

   Int+3:     It affects your intelligence (+3).
   Dex+6:     It affects your dexterity (+6).
   rPois:     It protects you from poison Fly: It grants you flight.
 P - an amulet of regeneration
 T - the amulet of Huycy (around neck) {RegenMP Int+6}
   (You found it in a bailey)

   [amulet of magic regeneration]

   RegenMP:   It increases your rate of magic regeneration.
   Int+6:     It affects your intelligence (+6).
Wands
 b - a wand of charming (34)
 o - a wand of iceblast (38)
 r - a wand of light (21)
 t - a wand of digging (7)
 U - a wand of polymorph (24)
Scrolls
 l - 12 scrolls of fear
 n - 3 scrolls of fog
 y - 5 scrolls of poison
 A - 10 scrolls of vulnerability
 B - 11 scrolls of blinking
 C - 7 scrolls of revelation
 E - 15 scrolls of teleportation
 H - 4 scrolls of butterflies
 M - 3 scrolls of enchant armour
 V - 2 scrolls of silence
Potions
 c - 4 potions of invisibility
 g - 10 potions of might
 i - 13 potions of curing
 j - 3 potions of berserk rage
 s - 6 potions of cancellation
 u - 4 potions of mutation
 v - 7 potions of magic
 x - 4 potions of attraction
 F - a potion of enlightenment
 N - 7 potions of heal wounds
 O - 8 potions of ambrosia
 Q - 11 potions of brilliance
 S - 3 potions of haste
Miscellaneous
 f - a phial of floods
 R - a condenser vane
 Z - a lightning rod (4/4)


   Skills:
 + Level 25.5 Fighting
 - Level 22.0 Short Blades
 - Level 4.0 Throwing
 - Level 8.0 Armour
 - Level 25.3 Dodging
 O Level 27 Stealth
 - Level 8.0 Shields
 - Level 9.0 Spellcasting
 - Level 3.0 Conjurations
 - Level 17.0 Hexes
 + Level 13.9 Summonings
 - Level 10.0 Ice Magic
 - Level 4.0 Air Magic
 - Level 14.0 Evocations


You had 12 spell levels left.
You knew the following spells:

 Your Spells              Type           Power      Damage    Failure   Level
a - Ensorcelled Hibernat  Hex/Ice        100%       N/A       1%          2
b - Confusing Touch       Hex            79%        N/A       1%          3
c - Tukima's Dance        Hex            79%        N/A       1%          3
d - Dazzling Flash        Conj/Hex       100%       N/A       1%          3
e - Summon Ice Beast      Ice/Summ       65%        N/A       1%          4
f - Summon Mana Viper     Hex/Summ       75%        N/A       1%          5
g - Silence               Hex/Air        30%        N/A       4%          5
h - Apportation           Tloc           22%        N/A       11%         1
i - Summon Cactus Giant   Summ           35%        N/A       5%          6

Your spell library contained the following spells:

 Spells                   Type           Power      Damage    Failure   Level
 Slow                     Hex            100%       N/A       0%          1
 Summon Small Mammal      Summ           100%       N/A       1%          1
 Call Canine Familiar     Summ           71%        N/A       1%          3
 Portal Projectile        Hex/Tloc       100%       N/A       1%          3
 Summon Guardian Golem    Hex/Summ       75%        N/A       1%          3
 Summon Lightning Spire   Summ/Air       55%        N/A       2%          4
 Leda's Liquefaction      Hex/Erth       27%        N/A       3%          4
 Foxfire                  Conj/Fire      76%        2x1d7     6%          1
 Swiftness                Air            32%        N/A       6%          3
 Animate Armour           Summ/Erth      94%        N/A       6%          4
 Poisonous Vapours        Pois/Air       44%        N/A       7%          2
 Cigotuvi's Dreadful Rot  Necr/Pois/Air  36%        N/A       10%         2
 Necrotise                Necr           44%        1d6       11%         1
 Sandblast                Erth           22%        2d7       11%         1
 Sting                    Tmut/Pois      44%        1d5       11%         1
 Mephitic Cloud           Conj/Pois/Air  23%        N/A       13%         3
 Vhi's Electric Charge    Tloc/Air       44%        N/A       14%         3
 Lesser Beckoning         Tloc           22%        N/A       16%         2
 Passwall                 Tmut/Erth      9%         N/A       16%         2
 Scorch                   Fire           22%        2d5       16%         2
 Stone Arrow              Conj/Erth      38%        3d9       17%         3
 Summon Forest            Summ/Tloc      23%        N/A       17%         5
 Airstrike                Air            16%        2d(3-19)  21%         4
 Monstrous Menagerie      Summ           35%        N/A       30%         7
 Summon Hydra             Summ           35%        N/A       30%         7
 Gell's Gravitas          Tloc           11%        N/A       32%         3
 Teleport Other           Tloc           11%        N/A       32%         3
 Vampiric Draining        Necr           11%        2d6       32%         3
 Discord                  Hex            39%        N/A       54%         8
 Arcjolt                  Conj/Air       14%        1d24      56%         5
 Iskenderun's Battlesphe  Conj           27%        2d8       65%         5
 Animate Dead             Necr           11%        N/A       71%         4
 Dispel Undead            Necr           11%        3d9       71%         4
 Manifold Assault         Tloc           11%        N/A       71%         4
 Olgreb's Toxic Radiance  Pois           11%        N/A       71%         4
 Passage of Golubria      Tloc           11%        N/A       71%         4
 Petrify                  Tmut/Erth      11%        N/A       71%         4
 Irradiate                Conj/Tmut      9%         3d14      85%         5
 Summon Horrible Things   Summ           35%        N/A       93%         8
 Agony                    Necr           11%        N/A       96%         5
 Alistair's Intoxication  Tmut/Pois      7%         N/A       96%         5
 Borgnjor's Vile Clutch   Necr/Erth      5%         N/A       96%         5
 Lee's Rapid Deconstruct  Erth           5%         3d6*      96%         5
 Spellforged Servitor     Conj/Summ      26%        N/A       96%         7
 Conjure Ball Lightning   Conj/Air       14%        3x3d6     98%         6
 Haunt                    Necr/Summ      23%        N/A       99%         7
 Malign Gateway           Summ/Tloc      23%        N/A       99%         7
 Death Channel            Necr           5%         N/A       100%        6
 Dispersal                Tloc           5%         N/A       100%        6
 Eringya's Noxious Bog    Tmut/Pois      5%         4d6       100%        6
 Leda's Unmaking          Conj/Erth      9%         9d2       100%        6
 Plasma Beam              Fire/Air       11%        2x1d22    100%        6
 Starburst                Conj/Fire      9%         6d5       100%        6
 Disjunction              Tloc           5%         N/A       100%        8
 Infestation              Necr           5%         N/A       100%        8
 Lehudib's Crystal Spear  Conj/Erth      9%         10d4      100%        8
 Fire Storm               Conj/Fire      9%         8d3       100%        9
 Polar Vortex             Ice            29%        12d3*     100%        9
 Shatter                  Erth           5%         3d8*      100%        9


Dungeon Overview and Level Annotations

Branches:
Dungeon (15/15)            Temple (1/1) D:4            Lair (5/5) D:9
  Swamp (4/4) Lair:3       Spider (4/4) Lair:3        Slime (0/5) Lair:4
    Orc (2/2) D:12            Elf (2/3) Orc:2        Vaults (5/5) D:13
  Crypt (3/3) Vaults:2       Tomb (0/3) Crypt:3      Depths (4/4) D:15
   Hell (visited)             Zot (5/5) Depths:4     Bailey (visited)
 WizLab (visited)
    Dis: Hell:1         Geh: Hell:1         Coc: Hell:1         Tar: Hell:1

Altars:
Ashenzari
Cheibriados
Dithmenos
Elyvilon
Fedhas
Gozag
Hepliaklqana
Kikubaaqudgha
Makhleb
Nemelex Xobeh
Okawaru
Qazlal
Ru
Sif Muna
Trog
Uskayaw
Vehumet
Wu Jian
Xom
Yredelemnul
Zin
The Shining One
Jiyva

Shops:
D:1 (   D:4 :   Orc:2 *(([   Depths:2 *

Portals:
Hell: Depths:1 Depths:2 Depths:3 Depths:4
Abyss: Depths:2 Depths:3
Pandemonium: Depths:2
Ziggurat: Depths:4
Trove: Depths:1 (give horn of Geryon)


Innate Abilities, Weirdness & Mutations

You are small and have problems with some larger weapons.
You are completely attuned to the shadows.
You possess an exceptional clarity of mind.
You are resistant to electric shocks. (rElec)


Message History

The orb of fire is almost destroyed.
A death cob comes into view.
The Killer Klown blinks!
The yellow draconian completely misses you.
The purple draconian completely misses you.
You block the black draconian's attack.
The green draconian monk completely misses you. x2
You block the green draconian monk's attack.
The green draconian monk completely misses you.
A black draconian comes into view. It is wielding a +0 glaive.
You spin and attack the Killer Klown repeatedly.
You impale the Killer Klown!!
The Killer Klown is moderately wounded.
You hit the Killer Klown but do no damage.
The Killer Klown is moderately wounded.
You spin and attack the quicksilver dragon repeatedly.
You puncture the quicksilver dragon! You drain the quicksilver dragon.
The quicksilver dragon is moderately wounded.
You puncture the quicksilver dragon! You drain the quicksilver dragon.
The quicksilver dragon is heavily wounded.
You spin and attack the black draconian repeatedly.
You impale the black draconian!!
The black draconian is heavily wounded.
You puncture the black draconian! You drain the black draconian.
The black draconian is severely wounded.
You spin and attack the purple draconian repeatedly.
You puncture the purple draconian!
The purple draconian is lightly wounded.
You puncture the purple draconian! You drain the purple draconian.
The purple draconian is moderately wounded.
The quicksilver dragon completely misses you. x2
The orb of fire glows yellow.
The fireball explodes!
The fireball engulfs the purple draconian!!
The fireball engulfs the Orb Guardian!!!!
The fireball engulfs the black draconian!!!
The black draconian dies!
The fireball engulfs the orb of fire.
The orb of fire completely resists.
The fireball engulfs you!!!
You die...

▓▓▓▓▓▓▓▓*******
▓▓▓▓§§..§..,,,,,,****
▓▓▓.§§q§d*§..,,,,,,,,,**
▓▓.)..§§X@§§..,,,,,,,,^,** ******
▓.....§§pD§.§.,,,,,,,,,,,*
,,,^,**▓....§§d§Xd...,,,,,,,,^,,*
^,,,,,*▓.....^§.dz...,,,,,,,,,,**
,,,,,,,▓..........§..,,,,,,,,,**
,,,,.X.q...^........,,,,,,,,,**
,,,,.^.▓.^.....,,,,,,,,,,,,,,,**
,,,,..▓▓......,,,,,,,^,,,,,,,^,**
,,,,.▓*▓.....,,,,,,,,,,,,,,,,,,,*


You could see an orb of fire (wandering, blind), a Killer Klown, a green
draconian monk (berserk), 2 draconians, a yellow draconian (drained), a purple
draconian (drained), a death cob, a quicksilver dragon (drained) and 2 Orb
Guardians.

Vanquished Creatures
  A dread lich (Zot:5)
  An ancient lich (Zot:5)
  An orb of fire (Zot:5)
  The ghost of Kyph the Conqueror, a legendary MiBe of Trog (Zot:2)
  Mara (Swamp:4)
  3 juggernauts
  3 Killer Klowns (Zot:5)
  Sojobo (Depths:1)
  Margery (Vaults:4)
  Frederick (Vaults:5)
  A curse toe (Zot:4)
  Geryon (Hell)
  Nikola (Spider:3)
  2 golden dragons
  2 profane servitors (Crypt:3)
  Jory (Vaults:4)
  Arachne (Spider:3)
  3 bone dragons
  A Tzitzimitl (Depths:2)
  2 doom hounds (Depths:2)
  2 electric golems
  A shard shrike zombie (Crypt:3)
  A walking crystal tome (Depths:3)
  25 tentacled monstrosities
  Grunn (Depths:2)
  Jorgrun (Orc:1)
  7 Orb Guardians (Zot:5)
  7 liches
  Asterion (Vaults:1)
  A moon troll (WizLab)
  Zenata (Elf:1)
  Mlioglotl (Swamp:1)
  9 quicksilver dragons
  A deep elf blademaster (Elf:2)
  5 ancient champions
  An Executioner (Abyss:1)
  7 sphinxes
  4 titans
  10 death cobs
  19 storm dragons
  9 tentacled starspawn
  12 tengu reavers
  Gastronok (Orc:1)
  Frances (D:14)
  Donald (Vaults:3)
  10 draconian monks
  16 shadow dragons
  Kirke (Swamp:1)
  A revenant (Crypt:2)
  7 draconian knights
  6 frost giants
  2 draconian scorchers (Zot:3)
  9 fire giants
  A juggernaut zombie (Crypt:2)
  19 vault wardens
  5 iron dragons
  The ghost of NokRude the Imperceptible, an adept VSEn of Jiyva (Elf:1)
  The ghost of Stonecrops the Tortoise, an adept GrFi of Okawaru (Lair:2)
  Louise (Spider:1)
  14 ghouls
  4 draconian shifters
  4 curse skulls
  6 draconian annihilators
  2 emperor scorpions
  8 draconian stormcallers
  7 ghost moths
  18 ironbound preservers
  An orc warlord (Bailey)
  A spriggan defender (Depths:4)
  28 very ugly things
  4 reapers
  A formless jellyfish (Vaults:1)
  A juggernaut skeleton (Crypt:1)
  17 stone giants
  3 war gargoyles
  12 green draconians
  2 cacodemons (WizLab)
  6 ironbound thunderhulks
  3 broodmothers
  6 eleionomae
  2 putrid mouths (Depths:2)
  Azrael (D:15)
  A deep elf demonologist (Depths:3)
  3 deep elf annihilators (Vaults:5)
  8 vampire knights
  9 black draconians
  5 purple draconians
  5 spark wasps
  5 dire elephants
  10 white draconians
  3 bunyips
  11 yellow draconians
  5 deep elf death magi
  15 red draconians
  13 ettins
  11 eidola
  A mummy priest (Crypt:3)
  12 fire dragons
  2 crystal guardians (WizLab)
  11 jiangshi
  Josephine (Swamp:1)
  9 great orbs of eyes
  14 yaktaur captains
  A quicksilver dragon zombie (Crypt:3)
  5 entropy weavers
  3 spriggan zombies
  Fannar (Lair:1)
  2 deep elf high priests (Vaults:5)
  5 rakshasas
  19 hydras
  40 vault guards
  10 ironbound frosthearts
  7 ice dragons
  3 catoblepae
  17 centaur warriors
  3 spriggan air magi
  3 ogre magi
  A ghost crab (Swamp:2)
  3 jorogumos
  7 death knights
  3 peacekeepers
  14 alligators
  32 dancing weapons
  4 boulder beetles
  5 radroaches
  12 death yaks
  12 two-headed ogres
  10 vampire magi
  3 deep troll earth magi
  7 deep troll shamans
  10 tengu warriors
  5 demonic crawlers
  3 soul eaters
  A spriggan berserker (Depths:3)
  An orc high priest (Orc:2)
  20 hell knights
  6 deep elf knights
  5 thrashing horrors
  Urug (Orc:1)
  A hell hog (Depths:1)
  A naga sharpshooter (Depths:2)
  A storm dragon zombie (Crypt:3)
  A wretched star (Abyss:1)
  2 sun demons
  A titan skeleton (Crypt:1)
  A fire crab (shapeshifter) (Elf:2)
  10 spriggans
  2 fire crabs (Swamp:4)
  A sixfirhy (Abyss:1)
  A salamander mystic (Depths:2)
  A skyshark (shapeshifter) (Vaults:5)
  A spark wasp zombie (Depths:1)
  7 pharaoh ants
  6 large abominations
  7 orb spiders
  46 deep trolls
  7 goliath frogs
  33 skeletal warriors
  2 anaconda zombies
  7 iron trolls
  8 flayed ghosts
  A sun moth (Spider:3)
  3 spriggan druids
  A golden dragon zombie (Crypt:3)
  2 shadow demons (Abyss:4)
  6 spatial maelstroms (Abyss:4)
  A death drake (Swamp:1)
  7 swamp dragons
  4 bog bodies
  22 phantasmal warriors
  6 deep elf archers
  6 glowing orange brains
  4 wizards
  23 ironbound convokers
  9 necromancers
  8 steelbarb worms
  An iron dragon zombie (Crypt:3)
  12 lindwurms
  5 orc knights
  A tengu skeleton (Depths:1)
  10 deep elf zephyrmancers
  5 harpies (Vaults:5)
  23 wolf spiders
  22 deep elf pyromancers
  36 ugly things
  9 orc sorcerers
  3 salamanders (Depths:2)
  A mana viper (Depths:2)
  10 cyclopes
  3 stone giant zombies
  A cyclops (shapeshifter) (Depths:3)
  A manticore (shapeshifter) (D:15)
  3 manticores
  25 moths of wrath
  5 will-o-the-wisps
  3 worldbinders
  2 centaur zombies (Crypt:3)
  An eleionoma skeleton (Crypt:2)
  3 eyes of devastation (WizLab)
  2 black mambas (shapeshifter)
  4 black mambas
  4 dire elephant zombies (Crypt:3)
  17 elephants
  A shock serpent zombie (Crypt:2)
  An eye of devastation (shapeshifter) (Vaults:5)
  10 cane toads
  23 vault sentinels
  3 torpor snails
  2 smoke demons (Depths:2)
  A torpor snail (shapeshifter) (Vaults:5)
  An orange demon (Abyss:1)
  A storm dragon simulacrum (Crypt:1)
  A stone giant skeleton (Crypt:1)
  2 unseen horrors (D:10)
  A centaur skeleton (Crypt:2)
  4 kobold demonologists
  A yaktaur (shapeshifter) (Vaults:5)
  A white draconian zombie (Crypt:2)
  7 komodo dragons
  Psyche (D:11)
  An efreet (D:12)
  An ice devil (Hell)
  A hellion (Depths:1)
  2 guardian mummies (Crypt:3)
  4 tengu conjurers
  6 freezing wraiths
  A rime drake (shapeshifter) (Abyss:4)
  A purple draconian skeleton (Crypt:1)
  3 harpy zombies
  A red devil (Abyss:4)
  33 yaktaurs
  An ancient zyme (Abyss:1)
  A burning bush (Lair:1)
  A meliai (shapeshifter) (Vaults:5)
  An iron troll skeleton (Crypt:1)
  2 trolls (D:11)
  4 polar bears
  7 meliai
  Grinder (D:4)
  18 tarantellas
  2 bloated husks
  6 tyrant leeches
  10 hornets
  14 blink frogs
  A fire dragon zombie (Crypt:2)
  An ettin zombie (Crypt:3)
  A stone giant simulacrum (Crypt:1)
  4 small abominations
  A snapping turtle (shapeshifter) (Elf:2)
  5 dream sheep (Lair:5)
  21 slime creatures
  4 flying skulls (Crypt:1)
  A spriggan skeleton (Depths:1)
  3 air elementals (Elf:1)
  27 jumping spiders
  45 yaks
  2 spriggans (shapeshifter)
  5 water elementals
  21 wraiths
  27 culicivoras
  A wyvern (shapeshifter) (Vaults:5)
  2 shadows
  6 basilisks
  4 fire elementals
  14 golden eyes (WizLab)
  5 wyverns
  12 starcursed masses (WizLab)
  2 neqoxecs
  A human zombie (Depths:1)
  5 steam dragons
  12 swamp worms
  A chaos spawn (Abyss:1)
  10 vampire mosquitoes
  6 acid dragons
  43 redbacks
  Edmund (D:5)
  4 wargs
  A naga (shapeshifter) (Depths:2)
  2 spatial vortices (Abyss:4)
  A two-headed ogre zombie (Crypt:2)
  2 fire bat skeletons (Crypt:1)
  19 water moccasins
  5 hell hounds
  A faun skeleton (Crypt:2)
  26 orc warriors
  4 ice beasts
  9 swamp drakes
  4 black bears
  A sky beast (Abyss:1)
  7 ogres
  23 wolves
  11 centaurs
  9 kobold brigands
  A phantom (D:5)
  An earth elemental (Elf:2)
  A gnoll sergeant (D:5)
  3 scorpions
  12 bullfrogs
  15 necrophages
  7 wyvern skeletons
  4 wights (D:9)
  5 killer bees (D:8)
  2 howler monkeys
  5 lava snakes
  2 quasits (Abyss:1)
  A gnoll bouda (D:6)
  A hound (D:6)
  2 jellies (Lair:2)
  3 sleepcaps
  21 orc priests
  Ijyb (D:5)
  A human skeleton (Crypt:2)
  26 orc wizards
  4 hell rats (Lair:1)
  4 iguanas
  A boggart simulacrum (D:12)
  A mummy (Crypt:3)
  13 gnolls
  15 adders
  2 shadow imps
  2 white imps
  An ufetubus (D:4)
  A lava snake skeleton (Crypt:1)
  5 worms
  The ghost of GordonOverkill the Sneak, a weakling OpDe (D:6)
  67 orcs
  4 ball pythons
  5 bats
  7 endoplasms
  4 giant cockroaches
  9 goblins
  13 hobgoblins
  4 jackals
  6 quokkas
  31 kobolds
  4 rats
  A lurking horror (Abyss:1)
  2 starspawn tentacles (Abyss:4)
2216 creatures vanquished.

Vanquished Creatures (collateral kills)
  2 tentacled monstrosities
  3 Orb Guardians (Zot:5)
  A Hell Sentinel (Abyss:1)
  2 storm dragons
  A draconian scorcher (Zot:2)
  2 very ugly things
  A putrid mouth (Hell)
  A hell knight (Hell)
  An orange crystal statue (WizLab)
  A deep troll (Depths:3)
  An iron troll (Depths:3)
  A necromancer (Vaults:4)
  A hell hound (Abyss:1)
18 creatures vanquished.

Vanquished Creatures (others)
  A storm dragon (Depths:4)
  A draconian knight (Zot:5)
  A black draconian (Zot:5)
  A putrid mouth (Depths:2)
  A hell knight (Hell)
  An iron troll (Depths:3)
  A bog body (Swamp:1)
  A lindwurm (Swamp:4)
  A moth of wrath (Zot:5)
  2 bloated husks
  2 dancing weapons
  3 humans (Swamp:1)
  2 steam dragons (Swamp:4)
  3 swamp drakes (Swamp:4)
  2 centaurs (D:15)
  4 orc wizards (Orc:2)
  10 foxfires
  5 starspawn tentacles
42 creatures vanquished.

Grand Total: 2276 creatures vanquished

Notes
Turn   | Place    | Note
-------+----------+-------------------------------------------
     0 | D:1      | Lexodia the Kobold Enchanter began the quest for the Orb.
     0 | D:1      | Reached XP level 1. HP: 10/10 MP: 3/3
   280 | D:1      | Reached XP level 2. HP: 15/15 MP: 5/5
   471 | D:1      | Learned a level 2 spell: Ensorcelled Hibernation
   566 | D:1      | Reached XP level 3. HP: 19/19 MP: 6/6
   570 | D:1      | Huge Dmg: 5 dmg
   572 | D:1      | Huge Dmg: 3 dmg
   573 | D:1      | Huge Dmg: 4 dmg
   574 | D:1      | Huge Dmg: 2 dmg
   671 | D:1      | Found Leis's Weapon Emporium.
   849 | D:1      | Found a faded altar of an unknown god.
  1602 | D:2      | Reached XP level 4. HP: 24/24 MP: 2/7
  1869 | D:2      | Reached skill level 1 in Ice Magic
  1912 | D:2      | Huge Dmg: 7 dmg
  2204 | D:3      | Found an opulent altar of Gozag.
  3231 | D:3      | Reached skill level 1 in Throwing
  3231 | D:3      | Reached XP level 5. HP: 28/28 MP: 8/8
  3468 | D:4      | Found Tuwiuff's Book Shoppe.
  3529 | D:4      | Found a staircase to the Ecumenical Temple.
  3536 | Temple   | Entered the Ecumenical Temple
  3540 | Temple   | Became a worshipper of the Wu Jian Council
  3570 | D:4      | Noticed an ogre
  3573 | D:4      | Killed an ogre
  3574 | D:4      | Reached skill level 5 in Stealth
  3574 | D:4      | Reached XP level 6. HP: 32/32 MP: 9/9
  3699 | D:4      | Noticed Grinder
  3702 | D:4      | Killed Grinder
  3703 | D:4      | Reached skill level 5 in Short Blades
  3703 | D:4      | Reached XP level 7. HP: 36/36 MP: 9/11
  4705 | D:4      | Huge Dmg: 10 dmg
  4815 | D:5      | Entered Level 5 of the Dungeon
  4973 | D:5      | Noticed Edmund
  4985 | D:5      | Killed Edmund
  5006 | D:5      | Reached skill level 6 in Stealth
  5030 | D:5      | Huge Dmg: 11 dmg
  5044 | D:5      | Reached XP level 8. HP: 32/41 MP: 6/13
  5372 | D:5      | Learned a level 3 spell: Confusing Touch
  5376 | D:5      | Learned a level 3 spell: Tukima's Dance
  5380 | D:5      | Learned a level 3 spell: Dazzling Flash
  5433 | D:5      | Reached * piety under Wu Jian
  5471 | D:5      | Reached skill level 7 in Stealth
  5560 | D:5      | Noticed Ijyb
  5563 | D:5      | Killed Ijyb
  5874 | D:6      | Huge Dmg: 16 dmg
  5890 | D:6      | Reached XP level 9. HP: 29/45 MP: 10/15
  6025 | D:6      | Found a runed translucent door.
  6028 | D:6      | Noticed GordonOverkill's ghost (weakling OpDe)
  6171 | D:6      | Reached skill level 8 in Stealth
  6178 | D:6      | Reached skill level 5 in Hexes
  6593 | D:6      | Huge Dmg: 13 dmg
  6597 | D:6      | Huge Dmg: 13 dmg
  6598 | D:6      | Reached skill level 10 in Short Blades
  6893 | D:6      | Killed GordonOverkill's ghost
  7040 | D:7      | Reached skill level 1 in Evocations
  7254 | D:7      | Identified the +6 sling of Lyupauno {flame, rElec rCorr
                  | Str-2}
  7651 | D:7      | Found a white marble altar of Elyvilon.
  7652 | D:7      | Found a shadowy altar of Dithmenos.
  7652 | D:7      | Found a blossoming altar of Fedhas.
  7656 | D:7      | Found a shimmering altar of Xom.
  7813 | D:7      | Reached skill level 9 in Stealth
  8031 | D:8      | Reached ** piety under Wu Jian
  8032 | D:8      | Reached XP level 10. HP: 43/50 MP: 13/16
  8057 | D:8      | Noticed a skeletal warrior
  8057 | D:8      | Found the +5 scythe "Finisher" {speed, execute}
  8058 | D:8      | Killed a skeletal warrior
  8059 | D:8      | Reached skill level 10 in Stealth
  8060 | D:8      | Reached skill level 5 in Evocations
  8134 | D:8      | Reached skill level 11 in Stealth
  8788 | D:9      | Identified the staff "Villaja" {Will++ Str+6 Stlth+ Conj}
  8837 | D:9      | Reached skill level 1 in Fighting
  8849 | D:9      | Reached XP level 11. HP: 56/56 MP: 17/17
  8948 | D:9      | Huge Dmg: 22 dmg
  8949 | D:9      | Reached *** piety under Wu Jian
  8961 | D:9      | Huge Dmg: 8 dmg
  8965 | D:9      | Huge Dmg: 12 dmg
  9159 | D:9      | Reached skill level 12 in Stealth
  9257 | D:9      | Found a flagged portal.
  9268 | Bailey   | Entered a bailey
  9351 | Bailey   | Noticed an orc knight
  9353 | Bailey   | Killed an orc knight
  9354 | Bailey   | Reached skill level 5 in Spellcasting
  9363 | Bailey   | Found a runed translucent gate.
  9364 | Bailey   | Found a runed translucent gate.
  9366 | Bailey   | Found a runed translucent gate.
  9374 | Bailey   | Noticed an orc knight
  9383 | Bailey   | Killed an orc knight
  9471 | Bailey   | Noticed an orc warlord
  9514 | Bailey   | Killed an orc warlord
  9521 | Bailey   | Identified the amulet of Huycy {RegenMP Int+6}
  9546 | Bailey   | Reached skill level 17 in Stealth
  9546 | Bailey   | Reached XP level 12. HP: 66/66 MP: 19/19
  9676 | D:9      | Found a staircase to the Lair.
  9682 | D:9      | Reached skill level 5 in Ice Magic
 10143 | D:10     | Entered Level 10 of the Dungeon
 10206 | D:10     | Found an iron altar of Okawaru.
 10308 | D:10     | Found a sacrificial altar of Ru.
 10443 | D:10     | Huge Dmg: 10 dmg
 10883 | D:10     | Got the Compilation of the Pit
 10892 | D:10     | Noticed a two-headed ogre
 10945 | D:10     | Huge Dmg: 8 dmg
 11125 | D:10     | Reached **** piety under Wu Jian
 11141 | D:10     | Reached skill level 5 in Fighting
 11321 | D:10     | Reached XP level 13. HP: 72/72 MP: 20/20
 11557 | D:10     | Reached skill level 18 in Stealth
 12041 | D:11     | Noticed Psyche
 12044 | D:11     | Killed Psyche
 12830 | D:12     | Noticed a purple very ugly thing
 12833 | D:12     | Killed a purple very ugly thing
 12836 | D:12     | Noticed a fire dragon
 12845 | D:12     | Killed a fire dragon
 12870 | D:12     | Reached skill level 19 in Stealth
 12922 | D:12     | Noticed a centaur warrior
 12925 | D:12     | Killed a centaur warrior
 13012 | D:12     | Huge Dmg: 26 dmg
 13610 | D:12     | Huge Dmg: 10 dmg
 13625 | D:12     | Reached XP level 14. HP: 32/84 MP: 10/21
 13632 | D:12     | Huge Dmg: 6 dmg
 13852 | D:12     | Found a staircase to the Orcish Mines.
 13963 | D:12     | Reached skill level 20 in Stealth
 14430 | D:13     | Found a gate to the Vaults.
 14579 | D:13     | Reached ***** piety under Wu Jian
 14777 | D:13     | Reached skill level 10 in Hexes
 14943 | D:13     | Huge Dmg: 20 dmg
 14946 | D:13     | Reached skill level 21 in Stealth
 14947 | D:13     | Huge Dmg: 16 dmg
 15603 | D:14     | Noticed Frances
 15605 | D:14     | Killed Frances
 15866 | D:14     | Reached skill level 10 in Ice Magic
 15967 | D:14     | Huge Dmg: 19 dmg
 16479 | D:15     | Entered Level 15 of the Dungeon
 16518 | D:15     | Reached skill level 22 in Stealth
 16743 | D:15     | Noticed Azrael
 16748 | D:15     | Huge Dmg: 18 dmg
 16751 | D:15     | Huge Dmg: 21 dmg
 16754 | D:15     | Huge Dmg: 10 dmg
 16755 | D:15     | Huge Dmg: 16 dmg
 17069 | D:15     | Reached XP level 15. HP: 88/88 MP: 18/22
 17099 | D:15     | Killed Azrael
 17209 | D:15     | Reached skill level 1 in Conjurations
 17282 | D:15     | Gained mutation: Your magical capacity is low. (-10% MP)
                  | [potion of mutation]
 17282 | D:15     | Gained mutation: You are weak. (Str -2) [potion of
                  | mutation]
 17282 | D:15     | Gained mutation: You are partially covered in iridescent
                  | scales. (AC +2) [potion of mutation]
 17282 | D:15     | Gained mutation: You have a pair of small antennae on your
                  | head. [potion of mutation]
 17283 | D:15     | Lost mutation: You are weak. (Str -2) [potion of mutation]
 17283 | D:15     | Lost mutation: Your magical capacity is low. (-10% MP)
                  | [potion of mutation]
 17283 | D:15     | Lost mutation: You are partially covered in iridescent
                  | scales. (AC +2) [potion of mutation]
 17283 | D:15     | Gained mutation: You occasionally lose the ability to read
                  | scrolls when taking damage. [potion of mutation]
 17284 | D:15     | Lost mutation: You occasionally lose the ability to read
                  | scrolls when taking damage. [potion of mutation]
 17284 | D:15     | Lost mutation: You have a pair of small antennae on your
                  | head. [potion of mutation]
 17284 | D:15     | Gained mutation: You are dopey. (Int -2) [potion of
                  | mutation]
 17284 | D:15     | Gained mutation: You expend magic power (3 MP) to
                  | strengthen your wands. [potion of mutation]
 17284 | D:15     | Gained mutation: You have sharp fingernails. [potion of
                  | mutation]
 17284 | D:15     | Gained mutation: You are resistant to electric shocks.
                  | (rElec) [potion of mutation]
 17309 | D:15     | Huge Dmg: 26 dmg
 17446 | D:15     | Found a staircase to the Depths.
 18016 | Lair:1   | Entered Level 1 of the Lair of Beasts
 18055 | Lair:1   | Reached skill level 23 in Stealth
 18193 | Lair:1   | Reached skill level 10 in Fighting
 18194 | Lair:1   | Noticed Fannar
 18322 | D:4      | Bought a manual of Dodging for 1120 gold pieces
 18556 | Lair:1   | Killed Fannar
 19283 | Lair:2   | Found a runed translucent gate.
 19283 | Lair:2   | Found a runed translucent gate.
 19283 | Lair:2   | Found a runed translucent gate.
 19306 | Lair:2   | Reached skill level 5 in Dodging
 19325 | Lair:2   | Noticed Stonecrops's ghost (adept GrFi)
 20385 | Lair:2   | Killed Stonecrops's ghost
 20389 | Lair:2   | Reached ****** piety under Wu Jian
 20555 | Lair:2   | Found a viscous altar of Jiyva.
 20658 | Lair:3   | Found a staircase to the Swamp.
 20660 | Lair:3   | Huge Dmg: 30 dmg
 20669 | Lair:3   | Reached XP level 16. HP: 70/99 MP: 21/23
 20785 | Lair:3   | Found a hole to the Spider Nest.
 21918 | Lair:4   | Found a staircase to the Slime Pits.
 21919 | Lair:4   | Found a viscous altar of Jiyva.
 22113 | Lair:5   | Entered Level 5 of the Lair of Beasts
 22193 | Lair:5   | Reached skill level 24 in Stealth
 22222 | Lair:5   | Huge Dmg: 25 dmg
 22528 | Lair:5   | Reached skill level 10 in Dodging
 22628 | Lair:5   | Identified the +2 ring mail "Jasy" {Rampage}
 22650 | Lair:5   | Identified a scroll of acquirement
 22650 | Lair:5   | Acquired 1076 gold pieces
 23735 | Orc:1    | Entered Level 1 of the Orcish Mines
 23738 | Orc:2    | Entered Level 2 of the Orcish Mines
 23742 | Orc:1    | Noticed Urug
 23745 | Orc:1    | Killed Urug
 24009 | Orc:2    | Found a staircase to the Elven Halls.
 24019 | Elf:1    | Entered Level 1 of the Elven Halls
 24050 | Elf:1    | Huge Dmg: 21 dmg
 24057 | Elf:1    | Huge Dmg: 26 dmg
 24429 | Elf:1    | Reached XP level 17. HP: 106/106 MP: 22/24
 24642 | Elf:1    | Noticed Zenata
 24643 | Elf:1    | Killed Zenata
 24687 | Elf:1    | Found a runed translucent door.
 24688 | Elf:1    | Found a shimmering altar of Xom.
 24688 | Elf:1    | Noticed NokRude's ghost (adept VSEn)
 24689 | Elf:1    | Identified the +5 halberd "Nungoet" {chaos, Str+4}
 24775 | Elf:1    | Paralysed by an air elemental for 1 turns
 25267 | Elf:1    | Huge Dmg: 37 dmg
 25299 | Elf:1    | Killed NokRude's ghost
 25321 | Elf:1    | Identified the +4 flail of Infinity {spect, Will+ Str+2}
 25550 | Elf:2    | Huge Dmg: 23 dmg
 25911 | Elf:2    | Found a runed translucent gate.
 25911 | Elf:2    | Found a runed translucent gate.
 25911 | Elf:2    | Found a runed translucent gate.
 26025 | Elf:2    | Reached skill level 25 in Stealth
 26436 | Elf:2    | Huge Dmg: 28 dmg
 26437 | Elf:2    | Huge Dmg: 30 dmg
 26446 | Elf:2    | Huge Dmg: 14 dmg
 26666 | Elf:2    | Noticed a deep elf blademaster
 26668 | Elf:2    | Killed a deep elf blademaster
 26722 | Elf:2    | Huge Dmg: 30 dmg
 26723 | Elf:2    | Huge Dmg: 18 dmg
 26727 | Elf:2    | Huge Dmg: 23 dmg
 26980 | Elf:2    | Huge Dmg: 18 dmg
 27030 | Elf:2    | Reached XP level 18. HP: 80/114 MP: 27/27
 28593 | Orc:2    | Found Zexasep's Weapon Emporium.
 28593 | Orc:2    | Paralysed by an orc sorcerer for 3 turns
 28596 | Orc:2    | Huge Dmg: 22 dmg
 28601 | Orc:2    | Huge Dmg: 11 dmg
 28605 | Orc:2    | Found Adaweos's Assorted Antiques.
 28605 | Orc:2    | Found Cydgheirgh's Armour Emporium.
 28605 | Orc:2    | Found Asiyror's Antique Weapon Shoppe.
 28796 | Orc:2    | Bought a glimmering dagger for 189 gold pieces
 28796 | Orc:2    | Identified the +3 dagger of Ash {heavy, rElec Will++ Int-3}
                  | (You bought it in a shop on level 2 of the Orcish Mines)
 29246 | Orc:1    | Noticed Jorgrun
 29249 | Orc:1    | Killed Jorgrun
 29298 | Orc:1    | Noticed Gastronok
 29303 | Orc:1    | Killed Gastronok
 29698 | Swamp:1  | Entered Level 1 of the Swamp
 29698 | Swamp:1  | Noticed Kirke
 29702 | Swamp:1  | Killed Kirke
 29762 | Swamp:1  | Noticed a tentacled monstrosity
 29817 | Swamp:1  | Killed a tentacled monstrosity
 29962 | Swamp:1  | Noticed Mlioglotl
 29963 | Swamp:1  | Killed Mlioglotl
 30069 | Swamp:1  | Noticed Josephine
 30072 | Swamp:1  | Killed Josephine
 30073 | Swamp:1  | Reached skill level 15 in Dodging
 30142 | Swamp:1  | Got the Compendium of Conduction
 30159 | Swamp:1  | Noticed a tentacled monstrosity
 30162 | Swamp:1  | Killed a tentacled monstrosity
 30163 | Swamp:1  | Reached skill level 15 in Short Blades
 31138 | Swamp:2  | Huge Dmg: 29 dmg
 31863 | Swamp:3  | Found a shimmering altar of Xom.
 31947 | Swamp:3  | Huge Dmg: 26 dmg
 31950 | Swamp:3  | Huge Dmg: 24 dmg
 31951 | Swamp:3  | Huge Dmg: 15 dmg
 32265 | Swamp:3  | Identified the +11 dagger "Plog" {heavy, Dex+2}
 32556 | Swamp:3  | Reached skill level 26 in Stealth
 32576 | Swamp:4  | Entered Level 4 of the Swamp
 32583 | Swamp:4  | Reached XP level 19. HP: 115/122 MP: 28/28
 32745 | Swamp:4  | Huge Dmg: 28 dmg
 33014 | Swamp:4  | Noticed Mara
 33015 | Swamp:4  | Killed Mara
 33182 | Swamp:4  | Huge Dmg: 31 dmg
 33186 | Swamp:4  | Huge Dmg: 37 dmg
 33365 | Swamp:4  | Got a decaying rune of Zot
 33718 | Spider:1 | Entered Level 1 of the Spider Nest
 34093 | Spider:1 | Reached skill level 15 in Fighting
 34450 | Spider:1 | Noticed Louise
 34455 | Spider:1 | Killed Louise
 35075 | Spider:1 | Huge Dmg: 23 dmg
 35817 | Spider:2 | Reached XP level 20. HP: 129/129 MP: 29/29
 35976 | Spider:3 | Huge Dmg: 32 dmg
 36466 | Spider:3 | Noticed Arachne
 36470 | Spider:3 | Killed Arachne
 36519 | Spider:3 | Noticed Nikola
 36522 | Spider:3 | Killed Nikola
 37068 | Spider:4 | Entered Level 4 of the Spider Nest
 37220 | Spider:4 | Reached skill level 27 in Stealth
 37652 | Spider:4 | Lost mutation: You have sharp fingernails. [mutagenic glow]
 37657 | Spider:4 | Huge Dmg: 15 dmg
 37879 | Spider:4 | Got a gossamer rune of Zot
 38691 | Vaults:1 | Entered Level 1 of the Vaults
 39127 | Vaults:1 | Identified the +0 rapier of Laceration {protect, rPois
                  | Will+ rCorr Int-3}
 39273 | Vaults:1 | Huge Dmg: 40 dmg
 39684 | Vaults:1 | Huge Dmg: 32 dmg
 39802 | Vaults:1 | Reached XP level 21. HP: 136/136 MP: 30/30
 40038 | Vaults:1 | Noticed Asterion
 40041 | Vaults:1 | Killed Asterion
 40059 | Vaults:1 | Huge Dmg: 40 dmg
 40213 | Vaults:1 | Identified the +7 trident of Causality {speed, Will+ Dex+3}
 40945 | Vaults:2 | Huge Dmg: 67 dmg
 40949 | Vaults:2 | Huge Dmg: 34 dmg
 41820 | Vaults:2 | Found a staircase to the Crypt.
 42246 | Vaults:2 | Reached skill level 15 in Hexes
 42650 | Vaults:3 | Noticed Donald
 42653 | Vaults:3 | Killed Donald
 43077 | Vaults:3 | Huge Dmg: 43 dmg
 43392 | Vaults:3 | Reached XP level 22. HP: 142/142 MP: 31/31
 43443 | Vaults:4 | Huge Dmg: 81 dmg
 43453 | Vaults:4 | Huge Dmg: 40 dmg
 43458 | Vaults:4 | Noticed Margery
 43547 | Vaults:4 | Huge Dmg: 18 dmg
 43552 | Vaults:4 | Huge Dmg: 27 dmg
 43621 | Vaults:4 | Huge Dmg: 15 dmg
 43864 | Vaults:4 | Noticed Jory
 43867 | Vaults:4 | Killed Jory
 43975 | Vaults:4 | Huge Dmg: 51 dmg
 43976 | Vaults:4 | Huge Dmg: 37 dmg
 43977 | Vaults:4 | Killed Margery
 43981 | Vaults:4 | Identified the +1 mace "Tijof" {heavy, rF- rC++}
 43982 | Vaults:4 | Huge Dmg: 21 dmg
 44813 | Vaults:4 | Huge Dmg: 29 dmg
 46656 | Depths:1 | Entered Level 1 of the Depths
 46710 | Depths:1 | Huge Dmg: 32 dmg
 46713 | Depths:1 | Reached skill level 1 in Armour
 46717 | Depths:1 | Huge Dmg: 35 dmg
 46720 | Depths:1 | Noticed Sojobo
 46727 | Depths:1 | Huge Dmg: 62 dmg
 46738 | Depths:1 | Killed Sojobo
 46768 | Depths:1 | Huge Dmg: 40 dmg
 46771 | D:15     | Huge Dmg: 6 dmg
 47087 | Depths:1 | Huge Dmg: 34 dmg
 47096 | Depths:1 | Reached XP level 23. HP: 114/148 MP: 25/32
 47212 | Depths:1 | Found a magical portal.
 47288 | WizLab   | Entered Lehudib's Moon Base
 47340 | WizLab   | Found a transporter.
 47507 | WizLab   | Huge Dmg: 31 dmg
 47515 | WizLab   | Paralysed by a great orb of eyes for 3 turns
 47519 | WizLab   | Huge Dmg: 28 dmg
 47523 | WizLab   | Paralysed by accursed screaming for 2 turns
 47525 | WizLab   | Huge Dmg: 31 dmg
 47880 | WizLab   | Huge Dmg: 63 dmg
 47881 | WizLab   | Huge Dmg: 21 dmg
 47953 | WizLab   | Identified the ring of the Greedy {AC+4 Slay+3}
 48222 | WizLab   | Found a transporter.
 48277 | WizLab   | Paralysed by a great orb of eyes for 3 turns
 48280 | WizLab   | Huge Dmg: 33 dmg
 48476 | WizLab   | Gained mutation: You occasionally lose the ability to drink
                  | potions when taking damage. [a neqoxec]
 48725 | WizLab   | Found the +3 pair of mountain boots {steadfast, rC+}
 48920 | WizLab   | Got Lehudib's Octavo of Syndicalism
 48985 | WizLab   | Identified the ring of Sopleky {Fire MP+9}
 48987 | WizLab   | Identified the ring of the Evil One {rElec rPois rF- Str+4
                  | SInv}
 49131 | WizLab   | Lost mutation: You occasionally lose the ability to drink
                  | potions when taking damage. [potion of mutation]
 49131 | WizLab   | Lost mutation: You expend magic power (3 MP) to strengthen
                  | your wands. [potion of mutation]
 49131 | WizLab   | Lost mutation: You are dopey. (Int -2) [potion of mutation]
 49131 | WizLab   | Gained mutation: You possess an exceptional clarity of
                  | mind. [potion of mutation]
 49222 | Depths:1 | Found a gateway to Hell.
 49371 | Depths:1 | Found an opulent altar of Gozag.
 49637 | Depths:1 | Found a portal to a secret trove of treasure.
 50098 | Depths:2 | Noticed Grunn
 50102 | Depths:2 | Reached skill level 5 in Armour
 50111 | Depths:2 | Killed Grunn
 50117 | Depths:2 | Huge Dmg: 24 dmg
 50119 | Depths:2 | Huge Dmg: 27 dmg
 50120 | Depths:2 | Huge Dmg: 34 dmg
 50139 | Depths:2 | Found a flickering gateway to a bazaar.
 50146 | Bazaar   | Entered a bazaar
 50146 | Bazaar   | Found Satepeh's Distillery.
 50146 | Bazaar   | Found Ytenga's Armour Shop.
 50146 | Bazaar   | Found Axocim's Armour Shop.
 50146 | Bazaar   | Found Pylimn's Book Boutique.
 50146 | Bazaar   | Found Ceodos's Weapon Boutique.
 50147 | Bazaar   | Huge Dmg: 25 dmg
 50202 | Bazaar   | Bought a potion of haste for 100 gold pieces
 50202 | Bazaar   | Bought a potion of invisibility for 80 gold pieces
 50220 | Bazaar   | Bought a book of Beasts for 456 gold pieces
 50225 | Bazaar   | Learned a level 4 spell: Summon Ice Beast
 50231 | Bazaar   | Learned a level 5 spell: Summon Mana Viper
 50237 | Bazaar   | Learned a level 5 spell: Silence
 50245 | Bazaar   | Bought 2 potions of berserk rage for 100 gold pieces
 50245 | Bazaar   | Bought a potion of berserk rage for 50 gold pieces
 50245 | Bazaar   | Bought a potion of cancellation for 80 gold pieces
 50245 | Bazaar   | Bought a potion of cancellation for 80 gold pieces
 50245 | Bazaar   | Bought 2 potions of ambrosia for 160 gold pieces
 50245 | Bazaar   | Bought a potion of curing for 30 gold pieces
 50251 | Bazaar   | Bought a book of Cantrips for 144 gold pieces
 50317 | Depths:2 | Found a one-way gate to the infinite horrors of the Abyss.
 50330 | Depths:2 | Reached skill level 1 in Summonings
 50337 | Depths:2 | Huge Dmg: 37 dmg
 50340 | Depths:2 | Huge Dmg: 42 dmg
 50499 | Depths:2 | Found a one-way gate leading to the halls of Pandemonium.
 50518 | Depths:2 | Reached XP level 24. HP: 150/153 MP: 32/32
 50566 | Depths:2 | Identified the +6 demon blade of Xeyqimy {elec, rPois}
 50842 | Depths:2 | Found Jiuceb's Serpentskin Sales.
 51157 | Depths:3 | Noticed a golden dragon
 51158 | Depths:3 | Noticed a juggernaut
 51159 | Depths:3 | Killed a golden dragon
 51159 | Depths:3 | Killed a juggernaut
 51212 | Depths:3 | Reached skill level 5 in Summonings
 51218 | Depths:3 | Noticed a juggernaut
 51221 | Depths:3 | Killed a juggernaut
 51714 | Depths:3 | Huge Dmg: 32 dmg
 51717 | Depths:3 | Huge Dmg: 35 dmg
 51719 | Depths:3 | Huge Dmg: 27 dmg
 51721 | Depths:3 | Huge Dmg: 31 dmg
 51879 | Depths:3 | Found a shadowy altar of Dithmenos.
 52369 | Depths:4 | Entered Level 4 of the Depths
 52477 | Depths:4 | Found a one-way gateway to a ziggurat.
 52493 | Depths:4 | Noticed a juggernaut
 52497 | Depths:4 | Killed a juggernaut
 52543 | Depths:4 | Reached skill level 10 in Summonings
 52566 | Depths:4 | Found a gate to the Realm of Zot.
 52807 | Depths:4 | Found a bloodstained altar of Trog.
 53037 | Depths:4 | Reached XP level 25. HP: 147/164 MP: 27/35
 53439 | Vaults:2 | Upgraded the game from 0.31-a0-506-g3d79149578 to
                  | 0.31-a0-516-gfcb59812bd
 53490 | Crypt:1  | Entered Level 1 of the Crypt
 53683 | Crypt:1  | Paralysed by a vampire knight for 2 turns
 53780 | Crypt:1  | Huge Dmg: 34 dmg
 54564 | Crypt:1  | Huge Dmg: 40 dmg
 54566 | Crypt:1  | Huge Dmg: 43 dmg
 55487 | Crypt:2  | Paralysed by a vampire knight for 3 turns
 55490 | Crypt:2  | Huge Dmg: 34 dmg
 55496 | Crypt:2  | Paralysed by a vampire knight for 2 turns
 55507 | Crypt:2  | Paralysed by a vampire knight for 5 turns
 55532 | Crypt:2  | Huge Dmg: 60 dmg
 55535 | Crypt:2  | Huge Dmg: 19 dmg
 55537 | Crypt:2  | Huge Dmg: 26 dmg
 56049 | Crypt:3  | Entered Level 3 of the Crypt
 56647 | Crypt:3  | Found a basalt altar of Yredelemnul.
 56648 | Crypt:3  | Reached skill level 1 in Air Magic
 56656 | Crypt:3  | Reached XP level 26. HP: 173/173 MP: 35/35
 56864 | Crypt:3  | Identified the +7 bardiche of Impeachment {speed, rElec
                  | rPois rF+ Will+}
 56886 | Crypt:3  | Got the Handbook of the Radiant Crevasse
 56887 | Crypt:3  | Identified the ring of Inafe {rElec rF- rN+ rCorr SInv}
 57058 | Crypt:3  | Found a staircase to the Tomb.
 57059 | Crypt:3  | Huge Dmg: 68 dmg
 58144 | Depths:2 | Voluntarily entered the Abyss.
 58304 | Abyss:1  | Found a corrupted altar of Lugonu.
 58444 | Abyss:1  | Huge Dmg: 68 dmg
 58684 | Abyss:1  | Huge Dmg: 43 dmg
 59018 | Abyss:4  | Got an abyssal rune of Zot
 59078 | Depths:2 | Escaped the Abyss
 59766 | Vaults:5 | Entered Level 5 of the Vaults
 59804 | Vaults:5 | Huge Dmg: 40 dmg
 59927 | Vaults:5 | Huge Dmg: 36 dmg
 59930 | Vaults:4 | Huge Dmg: 36 dmg
 60006 | Vaults:4 | Huge Dmg: 45 dmg
 60096 | Vaults:5 | Identified the +1 bardiche of Premature Burial {heavy, rN+
                  | SInv}
 60109 | Vaults:5 | Noticed Frederick
 60116 | Vaults:5 | Huge Dmg: 33 dmg
 60117 | Vaults:5 | Reached XP level 27. HP: 71/175 MP: 14/35
 60119 | Vaults:5 | Huge Dmg: 20 dmg
 60128 | Vaults:5 | Huge Dmg: 24 dmg
 60151 | Vaults:5 | Identified the +5 spear of Riyfito {flame, Drain Str+8
                  | Dex+6 Stlth-}
 60151 | Vaults:5 | Killed Frederick
 60416 | Vaults:5 | Identified the ring "Opsa" {Fly rPois Int+3 Dex+6}
 60508 | Vaults:5 | Got Ehasmulyh's Reference Book on the Summoned Fault
 60674 | Vaults:5 | Identified the +3 scale mail of the Stonemason {+Inv rElec
                  | rN+++ Dex-2}
 60679 | Vaults:5 | Got Beumyutu's Opusculum on Detritus and Zombies
 60688 | Vaults:5 | Found the +6 Majin-Bo {spellvamp, MP+6 Int+6}
 60767 | Vaults:5 | Identified the +3 morningstar of the Desert {flame, rElec
                  | Will- Int+6 SInv}
 60795 | Vaults:5 | Got a silver rune of Zot
 61102 | Vaults:5 | Identified the +2 helmet of Ilaentur {rPois}
 61116 | Vaults:5 | Found the +27 heavy crossbow "Sniper" {heavy, Acc+∞ SInv}
 61225 | Vaults:5 | Paralysed by an ogre mage for 3 turns
 61253 | Vaults:5 | Reached skill level 1 in Shields
 61571 | Hell     | Entered the Vestibule of Hell
 61571 | Hell     | Noticed Geryon
 61589 | Hell     | Killed Geryon
 61633 | Hell     | Reached skill level 10 in Evocations
 61640 | Hell     | Huge Dmg: 40 dmg
 61800 | Depths:1 | Huge Dmg: 72 dmg
 61802 | Depths:1 | Huge Dmg: 27 dmg
 62050 | Zot:1    | Entered Level 1 of the Realm of Zot
 62119 | Zot:1    | Identified the +5 mace "Impslayer" {drain, Will+}
 62376 | Zot:1    | Huge Dmg: 26 dmg
 63357 | Zot:2    | Identified the +0 leather armour "Uwui" {rF+ rC+ Will+
                  | SInv}
 63586 | Zot:2    | Found a runed translucent gate.
 63586 | Zot:2    | Found a runed translucent gate.
 63586 | Zot:2    | Found a runed translucent gate.
 64380 | Zot:2    | Noticed Kyph's ghost (legendary MiBe)
 64380 | Zot:2    | Reached skill level 5 in Shields
 64515 | Zot:2    | Killed Kyph's ghost
 64591 | Zot:2    | Identified the ring of Wimoesk {rC+ Str+4 Dex+3}
 64599 | Zot:2    | Identified the +1 cloak "Fugommot" {Int+2}
 64824 | Zot:3    | Identified the +1 orcbow "Mump" {heavy, rPois rF- Str+8
                  | Stlth-}
 64925 | Zot:3    | Huge Dmg: 38 dmg
 64927 | Zot:3    | Huge Dmg: 25 dmg
 65404 | Zot:3    | Huge Dmg: 45 dmg
 65866 | Zot:4    | Huge Dmg: 38 dmg
 66678 | Zot:5    | Entered Level 5 of the Realm of Zot
 66874 | Zot:5    | Huge Dmg: 26 dmg
 67100 | Zot:5    | Learned a level 1 spell: Apportation
 67107 | Zot:5    | Learned a level 6 spell: Summon Cactus Giant
 67161 | Zot:5    | Noticed an ancient lich
 67162 | Zot:5    | Killed an ancient lich
 67235 | Zot:5    | Noticed a Killer Klown
 67271 | Zot:5    | Noticed a Killer Klown
 67274 | Zot:5    | Killed a Killer Klown
 67286 | Zot:5    | Noticed a Killer Klown
 67295 | Zot:5    | Noticed a Killer Klown
 67295 | Zot:5    | Noticed an orb of fire
 67297 | Zot:5    | Noticed an orb of fire
 67301 | Zot:5    | Noticed a Killer Klown
 67305 | Zot:5    | Killed a Killer Klown
 67307 | Zot:5    | Noticed a Killer Klown
 67310 | Zot:5    | Killed a Killer Klown
 67375 | Zot:5    | Noticed an orb of fire
 67375 | Zot:5    | Noticed a Killer Klown
 67377 | Zot:5    | Noticed an orb of fire
 67378 | Zot:5    | Noticed a dread lich
 67378 | Zot:5    | Killed an orb of fire
 67382 | Zot:5    | Killed a dread lich
 67385 | Zot:5    | Huge Dmg: 48 dmg
 67386 | Zot:5    | Huge Dmg: 24 dmg
 67387 | Zot:5    | Killed from afar by an orb of fire

Illustrated notes

Levels and vault maps discovered:
D:1:      nicolae_arrival_memento_mori, layout_loops_corners, serial_shops,
          nicolae_shop_real_fake_doors, ebering_ecumenical_altar_sacrificial,
          minmay_tripent
D:2:      layout_loops_cross, grunt_decor_resistance
D:3:      layout_loops_corners, lemuel_doored_altar
D:4:      layout_basic, minmay_temple_entry_junction, serial_shops, shop,
          cheibrodos_sewer_entry_bend, uniq_grinder
D:5:      layout_loops_ring, serial_rivers, chequers_serial_rivers_micro_d,
          chequers_serial_rivers_room_b, chequers_serial_rivers_room_a,
          chequers_serial_rivers_room_a, uniq_edmund, uniq_ijyb
D:6:      layout_basic, hellmonk_ghost_happy_afterlife,
          amcnicky_mini_corridor_feature, serial_bayou_pond_d
D:7:      layout_loops_corners, chequers_temple_overflow_statue_of_worship
D:8:      layout_cave_pools, minmay_guarded_unrand_finisher
D:9:      minmay_octagon_keep, layout_basic, david_lair_generic, enter_bailey_2,
          kennysheep_boxes
D:10:     layout_basic, nicolae_ru_great_annihilating_truth,
          okawaru_metal_pillars_3
D:11:     layout_small_grid, minmay_fountain_box, uniq_psyche
D:12:     minmay_stepped, layout_stronghold, david_orc_4
D:13:     layout_stronghold, hellmonk_vaults_order_and_chaos,
          hangedman_decor_lopped
D:14:     layout_grid_maze, serial_park_tiny_2, uniq_frances
D:15:     grunt_enter_depths_hoard, layout_cave_pools, hangedman_decor_riveting,
          uniq_azrael
Temple:   hellmonk_temple_two_chambers
Lair:1:   layout_gridlike, columned_hall_lemuel, chequers_serial_rivers_room_b,
          evilmike_ambush [evilmike_ambush_outer_doors,
          evilmike_ambush_inner_pond], uniq_fannar
Lair:2:   layout_cave_pods, gammafunk_ghost_ooze, grunt_megastairs_5
Lair:3:   layout_roguey, alex1729_swamp_entry_worm_eleionoma,
          dummy_spider_entry, grunt_megastairs_3, serial_bayou_shore_b,
          infiniplex_staircase_pool
Lair:4:   layout_cave_shapes, slime_entry_1, serial_bayou_pond_e
Lair:5:   grunt_lair_end_beastmaster, layout_gridlike
Swamp:1:  layout_basic_swamp, nicolae_swamp_little_tower, uniq_josephine,
          uniq_mlioglotl, uniq_kirke
Swamp:2:  layout_basic_swamp, serial_swamp_ruin, evilmike_swamp_ruin_house_6,
          evilmike_swamp_ruin_house_1, hangedman_swamp_ruin_hall, swamp_pool1
Swamp:3:  layout_basic_swamp, basic_altar
Swamp:4:  swamp_fiery, layout_basic_swamp, swamp_pool4, uniq_mara
Spider:1: layout_spider_delve, uniq_louise
Spider:2: layout_spider_delve
Spider:3: layout_spider_delve, nicolae_spider_some_kinda_spiderbox, uniq_nikola,
          uniq_arachne
Spider:4: grunt_spider_rune_parallel, guppyfry_spider_mini_1
Orc:1:    layout_caves, uniq_jorgrun, uniq_urug, uniq_gastronok
Orc:2:    st_orc_mages, layout_caves, basic_altar
Elf:1:    layout_geoelf_octagon, ebering_ghost_xom, minmay_elf_crystal_heptagon,
          uniq_zenata
Elf:2:    nicolae_elf_blades_splatter_lattice [nicolae_blade_tridents],
          layout_loops_cross, serial_co_window_serial, co_window_corner_a,
          co_window_of_opportunity_a, co_window_corner_a, co_window_corner_a,
          co_window_corner_a, co_window_paths_a, co_window_corner_a,
          co_window_corner_b, co_window_corner_cb
Vaults:1: v_misc_10, nicolae_vaults_network_s, st_smaller_cells,
          hangedman_vaults_impose, nicolae_vaults_what_the_h, v_misc_11,
          nicolae_vaults_ninety_degrees, ontoclasm_vaults_ring_small,
          ontoclasm_vaults_bender, nicolae_vaults_closet_pinwheel_2, v_misc_13,
          ontoclasm_vaults_fault, layout_vaults_big_cross, uniq_asterion
Vaults:2: hangedman_vaults_stitches, minmay_crypt_entry_simple_walls,
          nicolae_vaults_surprise_closet, nicolae_vaults_network_quincunx
          [nicolae_vaults_network_quincunx_subvault,
          nicolae_vaults_network_quincunx_subvault,
          nicolae_vaults_network_quincunx_subvault,
          nicolae_vaults_network_quincunx_subvault,
          nicolae_vaults_network_quincunx_subvault], v_misc_10,
          nicolae_vaults_surprise_closet, nicolae_vaults_network_star,
          nicolae_vaults_tetromino_T_1, vaults_dpeg_emergency_exit,
          nicolae_vaults_house_2, nicolae_vaults_shelves_hall,
          layout_vaults_chaotic_city
Vaults:3: nicolae_vaults_sesquioval_fish, ontoclasm_vaults_decontamination,
          vaults_dpeg_diagonal, hangedman_vaults_stretched_pinwheel,
          nicolae_vaults_offset_grid_hallway_2, v_misc_29,
          nicolae_vaults_asterisk, v_misc_11, nicolae_vaults_storage_closets_2,
          nicolae_vaults_diamond_2, nicolae_vaults_diamond_2,
          nicolae_vaults_tetromino_L_2, nicolae_vaults_offset_grid_hallway_3,
          layout_vaults_omnibox, uniq_donald
Vaults:4: dpeg_vaults_pockets_of_resistance, nicolae_vaults_shelves_hall,
          ontoclasm_vaults_spin, v_misc_16, hangedman_vaults_nails,
          nicolae_vaults_little_ls, vaults_room_boxed, v_misc_26,
          layout_vaults_ring, uniq_margery, uniq_jory
Vaults:5: uniq_frederick
Crypt:1:  grunt_deathspiral_small, layout_regular_city
Crypt:2:  layout_gridlike
Crypt:3:  evilmike_haunted_forest
Depths:1: layout_cave_pools, hangedman_geh_valley, nicolae_trove_entry_crystal,
          infiniplex_enter_wizlab_water,
          nicolae_gozag_cash_rules_everything_around_me,
          roderic_lattice_octagonal_star, uniq_sojobo
Depths:2: kennysheep_blocky_room, layout_cave_shapes, marbit_kobold_abyss_entry,
          pan_entry, serial_shops, bzr_firewalk, hellmouth_1,
          chequers_serial_rivers_large_b, guppyfry_shop_venom,
          serial_bayou_shore_a, uniq_grunn
Depths:3: minmay_textured_paths, layout_gridlike, minmay_misc_feat_columns,
          grunt_hell_entry_dis_old, nicolae_abyss_entry_one_way_or_another,
          grunt_dithmenos_smoke
Depths:4: grunt_zot_entry_bicorn, layout_cave_shapes, enter_ziggurat_b,
          bloody_trog, hell_entry
Hell
Zot:1:    layout_concentric_octagons
Zot:2:    layout_twisted_circle, gammafunk_ghost_tricky_traps
Zot:3:    layout_misc_corridors, hangedman_swamp_dais
Zot:4:    layout_gridlike, zot_minivault_5
Zot:5:    layout_misc_corridors, lemuel_baited_zot_trap

Skill      XL: |  1  2  3  4  5  6  7  8  9 10 11 12 13 14 15 16 17 18 19 20 21 22 23 24 25 26 27 |
---------------+----------------------------------------------------------------------------------+-----
Short Blades   | 2 3 4 5 6 8 10 11 12 14 15 16 18 19 21 22 | 22.0
Ice Magic      | 1 2 3 4 5 8 10 | 10.0
Throwing       | 1 2 4 |  4.0
Stealth        | 5 6 7 9 11 17 19 22 23 24 25 26 27 | 27.0
Spellcasting   | 3 4 5 6 8 9 |  9.0
Hexes          | 4 6 7 8 10 11 12 13 14 15 17 | 17.0
Evocations     | 3 6 7 8 9 14 | 14.0
Fighting       | 1 3 5 8 10 12 13 14 15 16 18 19 21 25 | 25.5
Conjurations   | 3 |  3.0
Dodging        | 6 11 13 15 16 17 19 20 21 23 25 | 25.3
Armour         | 1 5 8 |  8.0
Summonings     | 2 11 12 13 | 13.9
Air Magic      | 1 4 |  4.0
Shields        | 8 |  8.0

Action                     |  1- 3 |  4- 6 |  7- 9 | 10-12 | 13-15 | 16-18 | 19-21 | 22-24 | 25-27 || total
---------------------------+-------+-------+-------+-------+-------+-------+-------+-------+-------++-------
  Melee: Dagger            |    59 |    46 |   150 |   193 |   475 |   358 |       |    11 |   489 ||  1781
         Punch             |       |     1 |       |       |       |       |       |       |     2 ||     3
         Rapier            |       |       |     4 |       |       |   318 |   828 |   913 |  2609 ||  4672
  Throw: Throwing net      |       |       |       |       |       |     3 |       |       |       ||     3
   Cast: Ensorcelled Hiber |     5 |    11 |    18 |    52 |   105 |    89 |   119 |   140 |    29 ||   568
         Dazzling Flash    |       |       |     2 |     3 |    13 |     5 |    17 |    29 |    56 ||   125
         Confusing Touch   |       |       |     1 |     5 |    13 |    18 |     9 |    40 |   153 ||   239
         Tukima's Dance    |       |       |       |       |     1 |     1 |       |     3 |       ||     5
         Summon Mana Viper |       |       |       |       |       |       |       |     8 |    28 ||    36
         Summon Ice Beast  |       |       |       |       |       |       |       |     2 |     9 ||    11
         Summon Cactus Gia |       |       |       |       |       |       |       |       |     4 ||     4
         Silence           |       |       |       |       |       |       |       |       |     1 ||     1
 Invoke: Serpent's Lash    |       |       |       |     1 |     4 |    13 |    12 |    15 |    29 ||    74
         Heavenly Storm    |       |       |       |       |       |     1 |     1 |       |     1 ||     3
Ability: Lunge             |       |     3 |    36 |    48 |   118 |   180 |   175 |   142 |   283 ||   985
         Whirlwind         |       |       |     2 |     8 |    84 |    94 |   212 |   275 |  1123 ||  1798
         Wall Jump         |       |       |       |       |     1 |     1 |     3 |     4 |     4 ||    13
  Evoke: Wand              |       |       |       |       |       |     6 |       |    18 |    14 ||    38
         Lightning rod     |       |       |       |       |       |     1 |       |     8 |       ||     9
         Condenser vane    |       |       |       |       |       |       |       |     2 |       ||     2
    Use: Scroll            |       |       |    16 |     1 |     7 |     5 |     7 |    20 |     9 ||    65
         Potion            |       |       |       |     1 |     5 |     8 |     2 |    13 |    10 ||    39
   Stab: Sleeping          |    25 |    22 |    40 |    74 |   185 |   225 |   268 |   196 |   195 ||  1230
         Distracted        |       |       |     3 |     4 |     5 |    13 |    18 |    25 |    48 ||   116
         Invisible         |       |       |     3 |     5 |    15 |    22 |    24 |    23 |    81 ||   173
         Confused          |       |       |     1 |     1 |    14 |    13 |     9 |    49 |   158 ||   245
         Petrified         |       |       |       |       |     1 |     1 |       |       |       ||     2
         Petrifying        |       |       |       |       |       |     2 |       |       |       ||     2
         Held in net/web   |       |       |       |       |       |     1 |       |       |       ||     1
         Paralysed         |       |       |       |       |       |       |       |       |     1 ||     1
 Armour: Robe              |     3 |     1 |     8 |       |       |       |       |       |       ||    12
         Steam dragon scal |       |       |     1 |    38 |    48 |    40 |    46 |    14 |       ||   187
         Leather armour    |       |       |       |       |       |       |    12 |    13 |       ||    25
         Troll leather arm |       |       |       |       |       |       |       |    52 |   344 ||   396
  Dodge: Dodged            |    26 |    22 |    73 |   111 |   252 |   291 |   740 |   685 |  2459 ||  4659
  Block: Buckler           |       |       |       |       |       |       |       |       |   391 ||   391
         Reflection        |       |       |       |       |       |       |       |       |     2 ||     2

Table legend: (Time is in decaauts)
 A = Elapsed time spent in this place.
 B = Non-inter-level travel time spent in this place.
 C = Inter-level travel time spent in this place.
 D = Time resting spent in this place.
 E = Time spent auto-exploring this place.
 F = Levels seen in this place.
 G = Mean time per level.
                   A        B        C        D        E       F      G
               +--------+--------+--------+--------+--------+-----+--------+
         Total |  66595 |  60137 |   6458 |   5170 |  41839 |  58 | 1148.2 |
       Dungeon |  19214 |  16917 |   2297 |   1375 |  13034 |  15 | 1280.9 |
        Temple |      8 |      2 |      6 |      0 |      0 |   1 |    8.0 |
          Lair |   5430 |   4876 |    554 |      6 |   4093 |   5 | 1086.0 |
         Swamp |   3955 |   3765 |    190 |    395 |   2711 |   4 |  988.8 |
   Spider Nest |   5253 |   4271 |    982 |    303 |   3155 |   4 | 1313.2 |
  Orcish Mines |   1536 |   1433 |    103 |      0 |   1170 |   2 |  768.0 |
   Elven Halls |   4160 |   4100 |     60 |    777 |   2638 |   2 | 2080.0 |
        Vaults |   9114 |   8078 |   1036 |    940 |   5744 |   5 | 1822.8 |
         Crypt |   4647 |   4201 |    446 |    434 |   2386 |   3 | 1549.0 |
        Depths |   4762 |   4139 |    623 |    286 |   2751 |   4 | 1190.5 |
          Hell |     46 |     46 |      0 |      0 |      0 |   1 |   46.0 |
           Zot |   5212 |   5056 |    156 |    173 |   3190 |   5 | 1042.4 |
         Abyss |    920 |    920 |      0 |     24 |    148 |   4 |  230.0 |
        Bazaar |    121 |    121 |      0 |     58 |     12 |   1 |  121.0 |
        Bailey |    335 |    335 |      0 |      0 |    175 |   1 |  335.0 |
        Wizlab |   1875 |   1875 |      0 |    397 |    630 |   1 | 1875.0 |
               +--------+--------+--------+--------+--------+-----+--------+

Top non-repeatable levels by time:
   Elf:2: 2986 daAuts
Vaults:4: 2457 daAuts
Vaults:2: 2217 daAuts
Vaults:1: 1938 daAuts
 Crypt:3: 1929 daAuts
  WizLab: 1875 daAuts
    D:14: 1846 daAuts
Spider:1: 1784 daAuts
 Crypt:1: 1637 daAuts
    D:10: 1560 daAuts
    D:12: 1544 daAuts
     D:9: 1493 daAuts
    D:13: 1469 daAuts
Depths:3: 1447 daAuts
     D:4: 1419 daAuts
